 Dungeon Crawl Stone Soup version 0.24.0-125-gc4c63601f3 (console) character file.

Game seed: 11826484023498021998, levelgen mode: deterministic

9022 Kagalorn the Tainter (level 11, -14/109 (112) HPs)
             Began as an Octopode Venom Mage on Mar 7, 2020.
             Was a Priest of Vehumet.
             Demolished by a death ooze (17 damage)
             ... in a Gauntlet.
             The game lasted 00:59:12 (14053 turns).

Kagalorn the Tainter (Octopode Venom Mage)         Turns: 14053, Time: 00:59:13

HP:   -14/109 (112) AC:  1    Str: 12    XL:     11   Next: 40%
MP:   6/21          EV: 18    Int: 22    God:    Vehumet [***...]
Gold: 681           SH:  0    Dex: 17    Spells: 14/24 levels left

rFire    . . .     SeeInvis .   a - +0 quarterstaff (speed)
rCold    . . .     Gourm    .   (shield currently unavailable)
rNeg     . . .     Faith    .   (helmet restricted)
rPois    +         Spirit   .   s - amulet of rage
rElec    .         Reflect  .   q - ring of poison resistance
rCorr    .         Harm     .   d - ring of flight
MR       .....     NoTele   +   E - +2 ring of dexterity
Stlth    ..........             K - +3 ring of dexterity
HPRegen  0.28/turn              (no ring)
MPRegen  0.17/turn              (no ring)
                                (no ring)
                                (no ring)

@: berserking, very quick
A: almost no armour, stealthy swim, amphibious, 8 rings, constrict 8, camouflage
1, gelatinous body 1
a: Renounce Religion, Evoke Berserk Rage, Evoke Flight


You were in a Gauntlet.
You worshipped Vehumet.
Vehumet was most pleased with you.
You were very hungry.

You visited 3 branches of the dungeon, and saw 13 of its levels.
You also visited: Gauntlet.

You collected 681 gold pieces.

Inventory:

Hand Weapons
 a - a +0 quarterstaff of speed (weapon)
 b - a +0 vampiric trident
 w - the +6 hand axe "Wannikk" {flame, rElec}
   (You found it on level 5 of the Dungeon)

   It has been specially enchanted to burn those struck by it, causing extra
   injury to most foes and up to half again as much damage against particularly
   susceptible opponents.
   Big, fiery blades are also staple armaments of hydra-hunters.
   It insulates you from electricity.
 G - a +0 lajatang
Missiles
 l - 193 stones
 v - 44 poisoned darts (quivered)
 x - 5 silver boomerangs
 C - 10 boomerangs
 D - a throwing net
 F - 3 curare-tipped darts
Magical Staves
 p - an uncursed staff of poison
Jewellery
 d - a ring of flight (right tentacle)
 q - a ring of poison resistance (left tentacle)
 s - an amulet of rage (around mantle)
 B - an uncursed ring of ice
 E - a +2 ring of dexterity (on tentacle)
 K - a +3 ring of dexterity (on tentacle)
 P - an uncursed amulet of the acrobat
 R - a +5 amulet of reflection {unknown}
 T - a +2 ring of strength {unknown}
Wands
 n - a wand of scattershot (5)
 t - a wand of enslavement (6)
 L - a wand of acid (8)
 Q - a wand of iceblast (5)
Scrolls
 c - 2 scrolls of amnesia
 e - 2 scrolls of teleportation
 f - 3 scrolls of magic mapping
 i - 7 scrolls of remove curse
 m - a scroll of enchant armour {unknown}
 u - a scroll of fear
 y - 4 scrolls of fog
 z - 2 scrolls of blinking
 M - 3 scrolls of summoning {unknown}
 N - a scroll of holy word {unknown}
 O - a scroll of vulnerability {unknown}
Potions
 g - 4 potions of heal wounds
 h - 2 potions of curing
 j - 2 potions of lignification
 k - 3 potions of flight
 o - 2 potions of ambrosia
 r - 3 potions of agility
 A - 2 potions of haste
 H - 4 potions of mutation
 I - 2 potions of might
Comestibles
 J - 14 rations
 S - a chunk of flesh


   Skills:
 * Level 7.0 Fighting
 * Level 7.0 Dodging
 * Level 7.0 Stealth
 * Level 7.0 Spellcasting
   Level 1.0 Conjurations
 - Level 7.0 Summonings
 - Level 5.0 Air Magic
 * Level 9.9 Poison Magic


You had 14 spell levels left.
You knew the following spells:

 Your Spells              Type           Power        Failure   Level  Hunger
a - Poisonous Vapours     Pois/Air       #####.       1%          2    None
b - Confusing Touch       Hex            #.....       9%          1    None
c - Ignite Poison         Fire/Tmut/Pois ###.....     1%          3    None
d - Summon Lightning Spi  Summ/Air       ####....     7%          4    ###....

Your spell library contained the following spells:

 Spells                   Type           Power        Failure   Level  Hunger
 Force Lance              Conj/Tloc      #.......     17%         4    ###....
 Sting                    Conj/Pois      ####         1%          1    None
 Summon Small Mammal      Summ           ####         1%          1    None
 Call Imp                 Summ           #####...     1%          2    None
 Call Canine Familiar     Summ           #####...     1%          3    None
 Mephitic Cloud           Conj/Pois/Air  ####....     1%          3    None
 Olgreb's Toxic Radiance  Pois           ######..     1%          4    ###....
 Freeze                   Ice            #...         2%          1    None
 Throw Frost              Conj/Ice       #.....       2%          2    None
 Dazzling Spray           Conj/Hex       #.....       5%          3    None
 Summon Guardian Golem    Hex/Summ       ###.....     6%          3    None
 Venom Bolt               Conj/Pois      ####......   7%          5    #####..
 Corona                   Hex            #......      9%          1    None
 Ensorcelled Hibernation  Hex/Ice        #.....       12%         2    None
 Throw Icicle             Conj/Ice       #.......     17%         4    ###....
 Summon Ice Beast         Ice/Summ       ###.....     19%         4    ###....
 Confuse                  Hex            #.......     24%         3    None
 Gell's Gravitas          Tloc           #.........   24%         3    None
 Ozocubu's Armour         Chrm/Ice       #.......     24%         3    None
 Tukima's Dance           Hex            #.......     24%         3    None
 Yara's Violent Unravell  Hex/Tmut       #.........   47%         5    #####..
 Petrify                  Tmut/Erth      #.......     63%         4    ###....
 Metabolic Englaciation   Hex/Ice        #.........   92%         5    #####..


Dungeon Overview and Level Annotations

Branches:
Dungeon (11/15)            Temple (1/1) D:7            Lair (1/6) D:11
    Orc (0/2) D:11        Gauntlet (1/1)

Altars:
Ashenzari
Cheibriados
Dithmenos
Elyvilon
Fedhas
Gozag
Hepliaklqana
Kikubaaqudgha
Makhleb
Nemelex Xobeh
Okawaru
Qazlal
Ru
Sif Muna
Trog
Uskayaw
Vehumet
Wu Jian
Xom
Yredelemnul
Zin
The Shining One
Lugonu

Shops:
D:9 *

Annotations:
D:6 exclusion: wight
D:8 exclusion: 2 oklob plants Gauntlet 11 transporters, 1 runed translucent door, exclusion: orange crystal statue


Innate Abilities, Weirdness & Mutations

You cannot wear most types of armour.
You are very stealthy in the water. (Stealth+)
You are amphibious.
You can wear up to eight rings at the same time.
You can use your tentacles to constrict eight enemies at once.
Your skin changes colour to match your surroundings (Stealth+).
Your rubbery body absorbs attacks. (AC +1, EV +1)


Message History

You feel your flesh rotting away! The death ooze barely misses you.
A red film seems to cover your vision as you go berserk!
You feel yourself moving faster!
You feel mighty!
You are feeling very hungry.
The death ooze hits you!!
* * * LOW HITPOINT WARNING * * *
The death ooze hits you.
* * * LOW HITPOINT WARNING * * *
Your lightning spire shoots out a bolt of lightning at the death ooze!
The bolt of electricity hits the death ooze! x2
The bolt of electricity hits your lightning spire.
Your lightning spire completely resists.
The bolt of electricity hits your lightning spire.
Your lightning spire completely resists.
You sock the death ooze!
The death ooze is severely damaged.
The death ooze hits you!!
* * * LOW HITPOINT WARNING * * *
The death ooze hits you!
You die...

#################...####
.....©.........©#....≈≈#
####################..≈#
...........###...###...####
..P#≈#≈#...###...###.♣..≈≈#
.PP≈≈≈≈≈...#..##+..#.....≈#
.♣.#≈#≈#P♣.#..#©#..#.♣.P..##
..P≈≈≈≈≈PP.#..'##..#.PPPP.≈##
..P#≈#≈#P..###.J@###.♣.P..≈≈#
......PP...####8####...PP.≈##
##..P♣P..#############.♣..##
©#.......#©....©....©#....≈##
#####.###################.≈≈#
###.#.#..xx##x#.#24.....#.≈##
..#.#.##.^##.X#.####.####.##
#...#.###.#.^.#.#..#.#.4#.≈##
©.#.#.#.##.##©#.#.##©##.#.≈≈#


You could see a reaper, a death ooze, a thrashing horror, a hellwing, 3 small
abominations and a friendly lightning spire.

Vanquished Creatures
  Erica (D:8)
  A two-headed ogre (D:9)
  Joseph (D:8)
  Maurice (D:11)
  Psyche (D:10)
  4 trolls
  A hornet (D:10)
  A hungry ghost (D:9)
  Grum (D:8)
  A swamp worm (Gauntlet)
  A water moccasin (D:8)
  A porcupine (D:11)
  A sky beast (D:7)
  3 black bears
  A necrophage (D:5)
  An orc warrior (D:8)
  7 ogres
  5 wolves
  2 centaurs
  3 crocodiles
  2 big kobolds
  Blork the orc (D:5)
  5 bullfrogs
  4 scorpions
  5 killer bees (D:9)
  A wight (D:9)
  3 howler monkeys
  3 crimson imps
  A centaur zombie (D:8)
  3 hounds
  2 jellies
  4 orc priests
  A gnoll shaman (D:8)
  3 iguanas
  6 orc wizards
  A statue (D:5)
  8 worker ants
  14 gnolls
  11 adders
  A shadow imp (D:8)
  A worm (D:3)
  A dart slug (D:1)
  3 leopard geckos
  41 orcs
  4 giant cockroaches
  10 goblins
  8 hobgoblins
  9 jackals
  5 quokkas
  8 bats
  11 frilled lizards
  A giant cockroach zombie (D:6)
  A jackal zombie (D:6)
  18 kobolds
  A quokka skeleton (D:8)
  13 rats
252 creatures vanquished.

Vanquished Creatures (collateral kills)
  A centaur zombie (D:11)
  A hornet (D:11)
  A wyvern (D:9)
  A hungry ghost (D:10)
  A warg (D:11)
  2 swamp worms (Gauntlet)
  A porcupine (D:11)
  2 ice beasts (D:10)
  A wolf (D:11)
  An orc warrior (D:9)
  2 crocodiles (D:11)
  7 wights
  2 crimson imps (D:11)
  A jelly (D:9)
  An orc wizard (D:11)
  A howler monkey zombie (D:10)
  3 orcs
  2 kobolds (D:10)
31 creatures vanquished.

Vanquished Creatures (others)
  A quokka (D:6)
  A plant (D:11)
2 creatures vanquished.

Grand Total: 285 creatures vanquished

Notes
Turn   | Place    | Note
-------+----------+-------------------------------------------
     0 | D:1      | Kagalorn the Octopode Venom Mage began the quest for the
                  | Orb.
     0 | D:1      | Reached XP level 1. HP: 11/11 MP: 3/3
   131 | D:1      | Reached skill level 4 in Poison Magic
   190 | D:1      | Reached XP level 2. HP: 17/17 MP: 0/5
   194 | D:1      | Learned a level 2 spell: Poisonous Vapours
   473 | D:1      | Reached XP level 3. HP: 21/21 MP: 2/6
   646 | D:2      | Reached skill level 1 in Air Magic
   646 | D:2      | Reached skill level 5 in Poison Magic
   846 | D:2      | Reached XP level 4. HP: 27/27 MP: 4/7
   967 | D:2      | Found a shattered altar of Ashenzari.
  1533 | D:2      | Reached skill level 6 in Poison Magic
  1571 | D:2      | Reached XP level 5. HP: 19/31 MP: 1/8
  1905 | D:3      | Found a bloodstained altar of Trog.
  2106 | D:3      | Reached skill level 1 in Fighting
  2171 | D:3      | Reached XP level 6. HP: 28/38 MP: 1/9
  2986 | D:3      | Found a sparkling altar of Nemelex Xobeh.
  2988 | D:3      | Found a stormy altar of Qazlal.
  3392 | D:4      | Found a glowing golden altar of the Shining One.
  3447 | D:4      | Found a sacrificial altar of Ru.
  3961 | D:4      | Found a basalt altar of Yredelemnul.
  4466 | D:5      | Entered Level 5 of the Dungeon
  4472 | D:5      | Found a radiant altar of Vehumet.
  4487 | D:5      | Became a worshipper of Vehumet
  4595 | D:5      | Noticed a necrophage
  4609 | D:5      | Reached XP level 7. HP: 45/45 MP: 3/10
  4668 | D:5      | Reached skill level 5 in Stealth
  4670 | D:5      | Noticed Blork the orc
  4677 | D:5      | Killed Blork the orc
  4677 | D:5      | Reached skill level 7 in Poison Magic
  4823 | D:5      | Got an ebony hand axe
  5139 | D:6      | Found a white marble altar of Elyvilon.
  5231 | D:6      | Found a glowing golden altar of the Shining One.
  5382 | D:6      | Reached XP level 8. HP: 51/52 MP: 11/11
  5694 | D:6      | Found an ancient bone altar of Kikubaaqudgha.
  5699 | D:6      | Found a glowing silver altar of Zin.
  6071 | D:7      | Identified the +6 hand axe "Wannikk" {flame, rElec} (You
                  | found it on level 5 of the Dungeon)
  6235 | D:7      | Found a staircase to the Ecumenical Temple.
  6249 | D:7      | Learned a level 4 spell: Summon Lightning Spire
  6256 | Temple   | Entered the Ecumenical Temple
  6330 | D:7      | Found a sacrificial altar of Ru.
  6386 | D:7      | Reached skill level 8 in Poison Magic
  7100 | D:8      | Reached skill level 1 in Summonings
  7271 | D:8      | Reached skill level 5 in Dodging
  7296 | D:8      | Reached * piety under Vehumet
  7296 | D:8      | Offered knowledge of Freeze by Vehumet.
  7296 | D:8      | Reached XP level 9. HP: 59/59 MP: 6/14
  7661 | D:8      | Noticed Erica
  7915 | D:8      | Killed Erica
  7915 | D:8      | Reached skill level 5 in Fighting
  8325 | D:8      | Noticed Joseph
  8382 | D:8      | Killed Joseph
  8844 | D:8      | Reached XP level 10. HP: 68/68 MP: 12/17
  8877 | D:8      | Noticed Grum
  8901 | D:8      | Killed Grum
  8901 | D:8      | Reached skill level 5 in Spellcasting
  9208 | D:8      | Found a burning altar of Makhleb.
  9211 | D:8      | Found an opulent altar of Gozag.
  9214 | D:8      | Found a shadowy altar of Dithmenos.
  9464 | D:8      | Found a blossoming altar of Fedhas.
  9466 | D:8      | Noticed an oklob plant
  9466 | D:8      | Noticed an oklob plant
  9780 | D:9      | Reached skill level 5 in Air Magic
  9951 | D:9      | Noticed a two-headed ogre
  9972 | D:9      | Killed a two-headed ogre
 10136 | D:9      | Found Muehypn's Wicked Wares.
 10137 | D:9      | Found a burning altar of Makhleb.
 10140 | D:9      | Offered knowledge of Sandblast by Vehumet.
 10377 | D:9      | Reached ** piety under Vehumet
 10463 | D:9      | Reached skill level 5 in Summonings
 10579 | D:9      | Found a snail-covered altar of Cheibriados.
 11298 | D:6      | Found a white marble altar of Elyvilon.
 11368 | D:6      | Found a glowing golden altar of the Shining One.
 11434 | D:6      | Found an ancient bone altar of Kikubaaqudgha.
 11436 | D:6      | Found a glowing silver altar of Zin.
 11587 | D:10     | Entered Level 10 of the Dungeon
 12042 | D:10     | Offered knowledge of Ignite Poison by Vehumet.
 12055 | D:10     | Learned a level 3 spell: Ignite Poison
 12199 | D:10     | Noticed Psyche
 12206 | D:10     | Killed Psyche
 12206 | D:10     | Reached XP level 11. HP: 75/75 MP: 10/20
 12358 | D:11     | Reached *** piety under Vehumet
 12379 | D:11     | Found a staircase to the Orcish Mines.
 12482 | D:11     | Noticed Maurice
 12733 | D:11     | Reached skill level 9 in Poison Magic
 12772 | D:11     | Killed Maurice
 13294 | D:11     | Offered knowledge of Force Lance by Vehumet.
 13400 | D:11     | Found a staircase to the Lair.
 13644 | Lair:1   | Entered Level 1 of the Lair of Beasts
 13648 | Lair:1   | Found a gate leading to a gauntlet.
 13657 | Gauntlet | Entered a Gauntlet
 13657 | Gauntlet | Found a transporter.
 13657 | Gauntlet | Found a runed translucent gate.
 13657 | Gauntlet | Found a runed translucent gate.
 13663 | Gauntlet | Found a runed translucent gate.
 13665 | Gauntlet | Found a transporter.
 13667 | Gauntlet | Found a transporter.
 13675 | Gauntlet | Noticed a fire crab
 13676 | Gauntlet | Found a transporter.
 13678 | Gauntlet | Found a transporter.
 13686 | Gauntlet | Noticed an orange crystal statue
 13689 | Gauntlet | Found a transporter.
 13708 | Gauntlet | Found a transporter.
 13716 | Gauntlet | Noticed a thrashing horror
 13718 | Gauntlet | Found a transporter.
 13728 | Gauntlet | Found a transporter.
 13750 | Gauntlet | Found a transporter.
 13752 | Gauntlet | Noticed a reaper
 13762 | Gauntlet | Found a runed translucent door.
 13763 | Gauntlet | Found a transporter.
 13763 | Gauntlet | Found a transporter.
 13764 | Gauntlet | Found a runed translucent door.
 13766 | Gauntlet | Noticed a death ooze
 13828 | Gauntlet | Found a transporter.
 13828 | Gauntlet | Found a transporter.
 14003 | Gauntlet | Learned a level 1 spell: Confusing Touch
 14053 | Gauntlet | HP: 3/109 [death ooze (24)]
 14053 | Gauntlet | Demolished by a death ooze

Levels and vault maps discovered:
D:1:      lightli_arrival_chessboard, layout_rooms
D:2:      layout_loops_cross, evilmike_ruin_ashenzari
D:3:      layout_basic, bloody_trog, nicolae_overflow_hidden_temple,
          first_ration
D:4:      layout_cave_pods, nicolae_tso_carved_into_rock,
          nicolae_ru_great_annihilating_truth, yredelemnul_altar_generic,
          minmay_goblin_outpost
D:5:      black_bear_nest_2, layout_rooms, vehumet_statue, uniq_blork_the_orc
D:6:      layout_rooms, elyvilon_altar_4, grunt_temple_overflow_open,
          basic_altar
D:7:      layout_layer_cave, minmay_temple_entry_offerings, basic_altar,
          grunt_ogre_cave
D:8:      layout_basic, grunt_temple_overflow_diamond,
          small_statue_intersection, hangedman_tree_tricks, uniq_grum,
          uniq_erica, uniq_joseph
D:9:      layout_cave_pods, cheibriados_altar_1, nicolae_evil_shop
D:10:     layout_basic, kennysheep_generic_room_14, uniq_psyche
D:11:     layout_cave_pools, minmay_lair_entry_grove, david_orc_3, uniq_maurice
Temple:   corrupted_temple
Lair:1:   layout_roguey, gauntlet_entry_generic, grunt_megastairs_4
Gauntlet: minmay_gauntlet_77_tree [minmay_gauntlet_arena_77_run_for_it,
          minmay_gauntlet_arena_77_cramped, minmay_gauntlet_arena_77_braids,
          minmay_gauntlet_arena_77_mirror, minmay_gauntlet_arena_77_fan,
          minmay_gauntlet_arena_77_broken_ladder, minmay_gauntlet_arena_77_box,
          gauntlet_exit_spiral]

Skill      XL: |  1  2  3  4  5  6  7  8  9 10 11 |
---------------+----------------------------------+-----
Poison Magic   | 4 5 6 7 8 9 |  9.9
Air Magic      | 1 2 4 5 |  5.0
Stealth        | 3 4 5 7 |  7.0
Fighting       | 1 2 3 4 5 7 |  7.0
Dodging        | 3 4 5 6 7 |  7.0
Spellcasting   | 3 4 6 7 |  7.0
Summonings     | 1 3 6 7 |  7.0
Conjurations   | |  1.0

Action                   |  1- 3 |  4- 6 |  7- 9 | 10-12 || total
-------------------------+-------+-------+-------+-------++-------
Melee: Unarmed           |    27 |   110 |       |       ||   137
       Constrict         |     9 |    35 |    20 |    25 ||    89
       Tentacles         |     3 |    24 |    16 |    22 ||    65
       Quarterstaff      |       |    16 |   104 |   149 ||   269
Throw: Dart              |       |       |     1 |     2 ||     3
 Cast: Sting             |    36 |    40 |    14 |    16 ||   106
       Poisonous Vapours |     8 |    65 |   105 |   162 ||   340
       Summon Lightning  |       |       |       |    33 ||    33
       Confusing Touch   |       |       |       |     1 ||     1
 Abil: Evoke Berserk Rag |       |     1 |     5 |     2 ||     8
  Use: Scroll            |       |     9 |     2 |    13 ||    24
       Potion            |       |       |     1 |     1 ||     2
 Stab: Sleeping          |     2 |     5 |     5 |     3 ||    15
       Distracted        |       |       |       |     2 ||     2
  Eat: Chunk             |       |    12 |    10 |    15 ||    37
       Ration            |       |     2 |     3 |     3 ||     8
Armor: Skin              |     1 |    11 |     3 |     2 ||    17
Dodge: Dodged            |    19 |    91 |    79 |   149 ||   338
